 Seeded DCSS version 0.29-a0-371-g91724d5b39 (webtiles) character file.

Game seed: 12468528015185605750 (custom seed)

234 zeratav the Skirmisher (level 5, 0/53 HPs)
             Began as a Minotaur Fighter on May 2, 2022.
             Slain by an orc
             ... wielding a +0 falchion
              (6 damage)
             ... on level 4 of the Dungeon.
             The game lasted 00:03:32 (3417 turns).

zeratav the Skirmisher (Minotaur Fighter)           Turns: 3417, Time: 00:03:33

Health: 0/53       AC:  2    Str: 23    XL:     5   Next: 75%
Magic:  4/4        EV:  9    Int:  5    God:
Gold:   240        SH:  0    Dex:  9    Spells: 4/4 levels left

rFire   . . .      SeeInvis .   a - +0 flail {mace}
rCold   . . .      Faith    .   c - +0 buckler
rNeg    . . .      Spirit   .   b - +0 scale mail
rPois   .          Reflect  .   (helmet restricted)
rElec   .          Harm     .   (no cloak)
rCorr   .          Rampage  .   (no gloves)
Will    .....                   (no boots)
Stlth   ..........              (no amulet)
HPRegen 0.17/turn               (no ring)
MPRegen 0.09/turn               (no ring)

@: confused, corroded
A: horns 2, retaliatory headbutt
a: no special abilities


You were on level 4 of the Dungeon.
You visited 1 branch of the dungeon, and saw 4 of its levels.

You collected 240 gold pieces.


Innate Abilities, Weirdness & Mutations

You have a pair of horns on your head.
You reflexively headbutt those who attack you in melee.


   Skills:
 + Level 7.9 Fighting
 - Level 2.4 Maces & Flails
 - Level 3.6 Armour
 - Level 3.6 Shields


You had 4 spell levels left.
You didn't know any spells.
Your spell library contained the following spells:

 Spells                   Type           Power      Damage    Failure   Level
 Shock                    Conj/Air       0%         1d3       86%         1
 Scorch                   Fire           0%         2d5       95%         2
 Call Canine Familiar     Summ           0%         N/A       99%         3
 Portal Projectile        Hex/Tloc       0%         N/A       99%         3
 Swiftness                Air            0%         N/A       99%         3
 Airstrike                Air            0%         N/A       100%        4
 Flame Wave               Conj/Fire      0%         2d4       100%        4
 Leda's Liquefaction      Hex/Erth       0%         N/A       100%        4
 Summon Cactus Giant      Summ           0%         N/A       100%        6

Inventory:

Hand Weapons
 a - a +0 flail (weapon) {mace}
 E - a +0 morningstar {mace}
   (You found it on level 2 of the Dungeon)
Missiles
 D - 5 silver javelins (quivered) {throwing}
 F - 2 datura-tipped darts {throwing}
Armour
 b - a +0 scale mail (worn)
 c - a +0 buckler (worn)
 f - a +0 scale mail
   (You found it on level 3 of the Dungeon)
 h - a +0 leather armour
   (You found it on level 3 of the Dungeon)
 j - a +0 leather armour
   (You found it on level 3 of the Dungeon)
 k - a +0 ring mail
   (You took it off an orc on level 3 of the Dungeon)
 o - a +0 robe
   (You took it off an orc wizard on level 4 of the Dungeon)
 r - a +0 robe
   (You took it off an orc wizard on level 4 of the Dungeon)
 u - a +0 robe
   (You took it off an orc wizard on level 4 of the Dungeon)
 B - a +0 scale mail
   (You took it off an orc on level 4 of the Dungeon)
 C - a +0 robe
   (You took it off an orc wizard on level 4 of the Dungeon)
 G - a +0 leather armour
   (You took it off an orc on level 4 of the Dungeon)
Scrolls
 g - 2 scrolls of brand weapon {unknown}
 i - a scroll of vulnerability {unknown}
 m - 2 scrolls of noise {unknown}
 p - 3 scrolls of blinking {unknown}
 s - a scroll of holy word {unknown}
 t - a scroll of fear {unknown}
 v - 6 scrolls of identify {unknown}
 w - a scroll of amnesia {unknown}
 x - 3 scrolls of teleportation {unknown}
 y - 3 scrolls of immolation {unknown}
 A - a scroll of enchant weapon {unknown}
 H - a scroll of silence {unknown}
Potions
 d - 2 potions of might
 e - a potion of brilliance {unknown}
 l - 3 potions of degeneration {unknown}
 n - 2 potions of attraction {unknown}
 q - a potion of mutation {unknown}
 z - a potion of ambrosia {unknown}

Dungeon Overview and Level Annotations

Branches:
Dungeon (4/15)
 Temple: D:4-7

Altars:
Ru

.#.. .. ##....##.. .#
#.#....... . .
..#....#.# #....#.
##.#.....
.....#.##......
#........#.#)# .
##......#.#.o.#.#.#
#...........@.....#
#.......##...J.##...
#...................
...
#........#.###.#....
.#.##
###...................
....
#.........##.....##...
#)..
#................. #.
... ##.......#.#...#.#
.#.#.#..
####........#.#.# .
.....#.#


You could see a jelly and an orc.


Message History

* * * LOW HITPOINT WARNING * * *
HP[-9]
You take 9 damage, and now have 21/53 hp.
You barely miss the orc. The orc hits you with a +0 flail!
* * * LOW HITPOINT WARNING * * *
The orc barely misses you.
HP[-8]
You take 8 damage, and now have 13/53 hp.
You sock the orc!
You kill the orc!
u - a +0 robe
Things that are here:
a +0 flail {mace}; a +0 dagger {short}; an orc corpse
B - a +0 scale mail You see here a +0 war axe {axe}.
HP[+40]
Your hp is fully restored (53).
C - a +0 robe
Things that are here:
a +0 dagger {short}; an orc skeleton
F - a datura-tipped dart {throwing}
Things that are here:
a +0 club {mace}; a goblin skeleton
G - a +0 leather armour
F - 2 datura-tipped darts {throwing} (gained 1)
Things that are here:
a +0 flail {mace}; an orc skeleton
H - a scroll labelled DYHOL YKHASEFU
v - 6 scrolls labelled AVAXUW TECH (gained 1)
An orc comes into view. It is wielding a +0 club.
The orc shouts!
You hear a shout!
A jelly comes into view.
There are monsters nearby!
There are monsters nearby!
An orc comes into view. It is wielding a +0 falchion.
The orc shouts!
The jelly quivers.
You hear a shout!
An orc wizard comes into view. It is wielding a +0 dagger.
The orc completely misses you. You furiously retaliate!
You headbutt the orc!
You kill the orc!
The orc wizard mumbles some strange words.
The orc wizard flickers and vanishes!
Deactivating autopickup; reactivate with Ctrl-A.
The jelly hits you but does no damage.
You hit the jelly but do no damage.
Your hands burn!
The jelly hits you.
You are splashed with acid!
The orc hits you with a +0 falchion. The jelly hits you but does no damage.
HP[-19]
You take 19 damage, and now have 34/53 hp.
MASSIVE DAMAGE!! (PAUSE)
You are too injured to fight recklessly!
You are too injured to fight recklessly!
You are too injured to fight recklessly!
You are too injured to fight recklessly!
You are too injured to fight recklessly!
You are too injured to fight recklessly!
You are too injured to fight recklessly!
You are too injured to fight recklessly!
You are too injured to fight recklessly!
You are too injured to fight recklessly!
You are too injured to fight recklessly!
You are too injured to fight recklessly!
You are too injured to fight recklessly!
You are too injured to fight recklessly!
You are too injured to fight recklessly!
You are too injured to fight recklessly!
You are too injured to fight recklessly!
You hit the orc.
You hear some strange, mumbled words.
You are confused.
The orc closely misses you. The jelly hits you. The acid corrodes you!
You are splashed with acid!
* * * LOW HITPOINT WARNING * * *
HP[-10]
You take 10 damage, and now have 24/53 hp.
You completely miss the orc. You headbutt the orc, but do no damage.
The orc hits you with a +0 falchion.
* * * LOW HITPOINT WARNING * * *
The jelly hits you.
* * * LOW HITPOINT WARNING * * *
You are splashed with acid!
* * * LOW HITPOINT WARNING * * *
HP[-10]
You take 10 damage, and now have 14/53 hp.
You closely miss the orc. The orc hits you with a +0 falchion.
* * * LOW HITPOINT WARNING * * *
The jelly hits you but does no damage. The jelly barely misses you.
Something hits you.
* * * LOW HITPOINT WARNING * * *
The orc closely misses you.
HP[-4]
You take 4 damage, and now have 10/53 hp.
You sock the jelly!
Your hands burn!
* * * LOW HITPOINT WARNING * * *
Your headbutt misses the jelly.
You hear some strange, mumbled words.
Something tries to affect you, but you resist.
The jelly hits you but does no damage. The orc hits you with a +0 falchion.
You die...

Skill      XL: |  1  2  3  4 |
---------------+-------------+-----
Fighting       | 4 5 7 |  7.9
Maces & Flails | |  2.4
Armour         | |  3.6
Shields        | |  3.6

Action                   |  1- 3 |  4- 6 || total
-------------------------+-------+-------++-------
Melee: Flail             |    85 |    58 ||   143
       Headbutt          |     5 |     9 ||    14
Throw: Dart              |       |     6 ||     6
Armor: Scale mail        |    38 |    23 ||    61
Dodge: Dodged            |    44 |    29 ||    73
Block: Buckler           |    18 |    12 ||    30

Levels and vault maps discovered:
D:1:      matt_arrival_refuge, layout_loops_ring,
          shapermc_ecumenical_altar_ellora, grunt_decor_one_mirror,
          grunt_decor_cap, minmay_pentomino_s4
D:2:      minmay_general_purpose_star, layout_basic, basic_altar,
          grunt_decor_fettered
D:3:      layout_basic
D:4:      nicolae_cairo_tiling_large_dashed, layout_cave_pools

Notes
Turn   | Place    | Note
-------+----------+-------------------------------------------
     0 | D:1      | zeratav the Minotaur Fighter began the quest for the Orb.
     0 | D:1      | Reached XP level 1. HP: 19/19 MP: 0/0
     0 | D:1      | magus.rc [v1.9.6]
    21 | D:1      | You pick up a book of Air and begin reading...
    21 | D:1      | You add the spells Shock, Swiftness and Airstrike to your
                  | library.
    72 | D:1      | You pick up a book of Scorching and begin reading...
    72 | D:1      | You add the spells Scorch, Flame Wave and Summon Cactus
                  | Giant to your library.
   101 | D:1      | You pick up a book of the Hunter and begin reading...
   101 | D:1      | You add the spells Call Canine Familiar, Portal Projectile
                  | and Leda's Liquefaction to your library.
   160 | D:1      | Reached skill level 4 in Fighting
   218 | D:1      | Found a faded altar of an unknown god.
   385 | D:1      | Reached XP level 2. HP: 28/28 MP: 1/1
   864 | D:2      | Reached skill level 5 in Fighting
  1109 | D:2      | Reached XP level 3. HP: 36/36 MP: 2/2
  1456 | D:2      | Found a sacrificial altar of Ru.
  1844 | D:3      | Reached XP level 4. HP: 44/44 MP: 3/3
  1857 | D:3      | Reached skill level 6 in Fighting
  2148 | D:3      | You pick up a book of the Hunter and begin reading...
  2752 | D:4      | Reached skill level 7 in Fighting
  2752 | D:4      | Reached XP level 5. HP: 24/52 MP: 4/4
  3152 | D:4      | HP: 13/53 [orc/+0 flail (9)]
  3416 | D:4      | HP: 11/53 [orc/+0 falchion (3)]
  3417 | D:4      | Slain by an orc

Vanquished Creatures
  2 orc wizards (D:4)
  5 adders
  An ufetubus (D:4)
  A worm (D:2)
  3 orcs
  8 endoplasms
  7 goblins
  2 hobgoblins
  6 jackals
  3 kobolds
  5 quokkas
  A ball python (D:2)
  5 bats
  3 frilled lizards
  5 rats
57 creatures vanquished.

Vanquished Creatures (collateral kills)
  An orc priest (D:4)
  2 orc wizards (D:4)
  2 orcs (D:4)
  A ball python (D:4)
  A goblin (D:4)
7 creatures vanquished.

Grand Total: 64 creatures vanquished

Table legend:
 A = Non-vault XP
 B = Vault XP
 C = Vault XP percentage of total XP
 D = Non-vault monster count
 E = Vault monster count
 F = Vault count percentage of total count
                 A         B        C        D         E       F
            +---------+---------+-------+---------+---------+-------
      Total |     323 |      12 |   3.6 |      56 |       8 |  12.5
            +---------+---------+-------+---------+---------+-------
        D:1 |      20 |       6 |  23.1 |      14 |       3 |  17.6
        D:2 |      45 |       6 |  11.8 |      11 |       5 |  31.2
        D:3 |      52 |       0 |   0.0 |      15 |       0 |   0.0
        D:4 |     206 |       0 |   0.0 |      16 |       0 |   0.0
            +---------+---------+-------+---------+---------+-------

Illustrated notes

Table legend:
 A = Kills in this place as a percentage of kills in entire the game.
 B = Kills by you in this place as a percentage of kills by you in the entire game.
 C = Kills by friends in this place as a percentage of kills by friends in the entire game.
 D = Other kills in this place as a percentage of other kills in the entire game.
 E = Experience gained in this place as a percentage of experience gained in the entire game.
 F = Experience gained in this place divided by the number of levels of this place that you have seen.
                   A       B       C       D       E      F
               +-------+-------+-------+-------+-------+----------------------
         Total | 100.0 | 100.0 | 100.0 |   N/A | 100.0 |  83.8
       Dungeon | 100.0 | 100.0 | 100.0 |   N/A | 100.0 |  83.8
               +-------+-------+-------+-------+-------+----------------------

Table legend: (Time is in decaauts)
 A = Elapsed time spent in this place.
 B = Non-inter-level travel time spent in this place.
 C = Inter-level travel time spent in this place.
 D = Time resting spent in this place.
 E = Time spent auto-exploring this place.
 F = Levels seen in this place.
 G = Mean time per level.
                   A        B        C        D        E       F      G
               +--------+--------+--------+--------+--------+-----+--------+
         Total |   3462 |   3300 |    162 |    200 |   2678 |   4 |  865.5 |
       Dungeon |   3462 |   3300 |    162 |    200 |   2678 |   4 |  865.5 |
               +--------+--------+--------+--------+--------+-----+--------+

Top non-repeatable levels by time:
     D:3: 1004 daAuts
     D:2: 955 daAuts
     D:1: 790 daAuts
     D:4: 712 daAuts
